 Dungeon Crawl Stone Soup version 0.26-b1-32-g5d43845318 (webtiles) character file.

Game seed: 2758486441436436748

4176 funkygono the Basher (level 10, -3/76 HPs)
             Began as a Demonspawn Gladiator on Jan 13, 2021.
             Slain by a wolf (6 damage)
             ... led by Grum
             ... on level 8 of the Dungeon.
             The game lasted 00:23:30 (13248 turns).

funkygono the Basher (Demonspawn Gladiator)        Turns: 13248, Time: 00:23:31

Health: -3/76      AC: 19    Str: 18    XL:     10   Next: 8%
Magic:  10/10      EV: 10    Int: 10    God:
Gold:   438        SH:  0    Dex: 14    Spells: 9/9 levels left

rFire    + . .     SeeInvis +   u - +0 whip
rCold    . . .     Faith    .   (no shield)
rNeg     . . .     Spirit   .   y - +0 plate armour
rPois    .         Reflect  .   c - +2 helmet
rElec    .         Harm     .   L - +0 cloak
rCorr    .         Rampage  .   (no gloves)
Will     .....                  G - +0 pair of boots
Stlth    ..........             (no amulet)
HPRegen  0.22/turn              n - ring of protection from fire
MPRegen  0.12/turn              E - ring of see invisible

@: no status effects
A: talons 2, demonic guardian 1, miasma immunity, sturdy frame 2
a: no special abilities


You were on level 8 of the Dungeon.
You visited 2 branches of the dungeon, and saw 9 of its levels.

You collected 438 gold pieces.

Inventory:

Hand Weapons
 a - a +0 flail
 u - a +0 whip (weapon)
 K - a +0 hand crossbow
Missiles
 d - a throwing net (quivered)
 f - 288 stones
 g - 77 bolts
Armour
 b - a +0 leather armour
 c - a +2 helmet (worn)
 i - a +0 buckler
 l - a +1 hat
 m - a +0 scale mail
 w - a +0 ring mail
 y - a +0 plate armour (worn)
 G - a +0 pair of boots (worn)
 L - a +0 cloak (worn)
Jewellery
 n - a ring of protection from fire (left hand)
 B - an uncursed ring of positive energy
 C - an uncursed ring of ice
 E - a ring of see invisible (right hand)
Wands
 F - a wand of iceblast (10)
 J - a wand of random effects (12)
 M - a wand of flame (13)
Scrolls
 h - a scroll of remove curse
 q - 5 scrolls of teleportation
 r - 2 scrolls of amnesia
 x - 2 scrolls of fog
 z - 2 scrolls of fear
 H - 2 scrolls of blinking
Potions
 e - 2 potions of ambrosia
 j - 4 potions of curing
 k - a potion of flight
 o - 3 potions of haste
 p - a potion of invisibility {unknown}
 s - a potion of resistance {unknown}
 t - 2 potions of heal wounds
 v - 3 potions of mutation
 A - a potion of lignification {unknown}
 D - a potion of attraction {unknown}


   Skills:
 + Level 6.1 Fighting
 + Level 8.8 Maces & Flails
 + Level 1.8 Throwing
 + Level 6.9 Armour
 + Level 5.4 Dodging
 + Level 3.0 Stealth


You had 9 spell levels left.
You didn't know any spells.
Your spell library was empty.

Dungeon Overview and Level Annotations

Branches:
Dungeon (8/15)             Temple (1/1) D:5
   Lair: D:8-11

Altars:
Ashenzari
Cheibriados
Dithmenos
Elyvilon
Fedhas
Gozag
Hepliaklqana
Kikubaaqudgha
Makhleb
Nemelex Xobeh
Okawaru
Qazlal
Ru
Sif Muna
Trog
Uskayaw
Vehumet
Wu Jian
Xom
Yredelemnul
Zin
The Shining One

Shops:
D:6 }


Innate Abilities, Weirdness & Mutations

You have razor-sharp toenails.
A weak demonic guardian rushes to your aid.
You are immune to miasma.
Your movements are less encumbered by armour. (ER -4)


Message History

The wolf bites your iron imp. The wolf barely misses your iron imp.
Your iron imp misses the wolf.
Something closely misses your iron imp. Something bites your iron imp!
The wolf bites your iron imp.
Your iron imp dies!
You see here an orc corpse.
The wolf bites your white imp. The wolf bites you.
* * * LOW HITPOINT WARNING * * *
Your white imp barely misses the soldier ant.
The wolf bites something!
You see here an orc corpse.
The wolf barely misses you. The wolf barely misses you.
The soldier ant waves its antennae.
The wolf closely misses you. The wolf closely misses you.
Your white imp hits the wolf but does no damage.
The wolf bites you.
You die...

#.........#.........
.....
##.##.....#)†.......
# #.....##.#####..
#.######.# ..
#.######.#####
#.......h....#.....#
#########B...#.....#
#########.5h.#.....#
...........@.#.....#
######.#....#.....##
##...............#
#..#.######......#
#.##.# #...<..#
#.##.######.....##
#.##........<...#
#.########.######
#........#.#


You could see a soldier ant, 2 wolves and a friendly white imp (summoned).

Vanquished Creatures
  Grum (D:8)
  9 soldier ants
  2 phantoms
  2 sky beasts (D:6)
  2 ice beasts (D:7)
  An orc warrior (D:7)
  An ogre (D:6)
  A centaur (D:4)
  2 bullfrogs
  A big kobold (D:7)
  2 scorpions
  A water moccasin skeleton (D:5)
  2 bullfrog zombies
  The ghost of Hyawatha the Sneak, a weakling VSBr (D:5)
  A jelly (D:6)
  A hound (D:6)
  2 orc priests
  2 iguanas (D:7)
  2 bullfrog skeletons
  Ijyb (D:4)
  4 orc wizards
  16 worker ants
  2 hound zombies (D:6)
  2 worker ant zombies (D:6)
  4 adders
  A shadow imp (D:7)
  2 white imps
  An ufetubus (D:5)
  An ooze (D:3)
  An adder skeleton (D:5)
  An adder zombie (D:6)
  5 worms
  A dart slug (D:2)
  6 leopard geckos
  29 orcs
  11 giant cockroaches
  8 goblins
  7 hobgoblins
  3 jackals
  12 kobolds
  4 quokkas
  3 ball pythons
  A ball python skeleton (D:4)
  7 bats
  6 frilled lizards
  A jackal zombie (D:8)
  2 leopard gecko skeletons
  A leopard gecko zombie (D:8)
  6 rats
185 creatures vanquished.

Vanquished Creatures (collateral kills)
  Joseph (D:7)
  3 soldier ants
  A sky beast (D:8)
  2 ice beasts
  2 wolves (D:8)
  A bullfrog (D:7)
  A water moccasin zombie (D:6)
  2 orc wizards
  A worker ant (D:7)
  A white imp (D:5)
  A worm (D:4)
  5 orcs
  A jackal (D:4)
22 creatures vanquished.

Grand Total: 207 creatures vanquished

Notes
Turn   | Place    | Note
-------+----------+-------------------------------------------
     0 | D:1      | funkygono the Demonspawn Gladiator began the quest for the
                  | Orb.
     0 | D:1      | Reached XP level 1. HP: 16/16 MP: 1/1
   228 | D:1      | Gained mutation: Your movements are slightly less
                  | encumbered by armour. (ER -2) [demonic ancestry]
   228 | D:1      | Reached XP level 2. HP: 21/22 MP: 2/2
   320 | D:1      | Reached skill level 3 in Maces & Flails
  1074 | D:2      | Found a bloodstained altar of Trog.
  1230 | D:2      | Gained mutation: A weak demonic guardian rushes to your
                  | aid. [demonic ancestry]
  1230 | D:2      | Reached XP level 3. HP: 22/27 MP: 3/3
  1449 | D:2      | Found a basalt altar of Yredelemnul.
  2395 | D:3      | Gained mutation: You have sharp toenails. [demonic
                  | ancestry]
  2395 | D:3      | Reached XP level 4. HP: 33/34 MP: 4/4
  2460 | D:3      | Reached skill level 1 in Armour
  3593 | D:4      | Noticed a centaur
  3599 | D:4      | Killed a centaur
  3600 | D:4      | Reached skill level 4 in Maces & Flails
  3600 | D:4      | Reached XP level 5. HP: 12/40 MP: 5/5
  4228 | D:4      | Reached XP level 6. HP: 45/47 MP: 6/6
  4602 | D:4      | Noticed Ijyb
  4637 | D:4      | Killed Ijyb
  4865 | D:5      | Entered Level 5 of the Dungeon
  4885 | D:5      | Found a staircase to the Ecumenical Temple.
  4931 | Temple   | Entered the Ecumenical Temple
  5486 | D:5      | Noticed an ice beast
  5499 | D:5      | Killed an ice beast
  5501 | D:5      | Reached skill level 5 in Maces & Flails
  5930 | D:5      | Reached XP level 7. HP: 39/52 MP: 7/7
  6374 | D:5      | Found a runed translucent door.
  6375 | D:5      | Noticed Hyawatha's ghost (weakling VSBr)
  6388 | D:5      | Killed Hyawatha's ghost
  6523 | D:5      | Found an ancient bone altar of Kikubaaqudgha.
  6577 | D:5      | Reached skill level 1 in Stealth
  6859 | D:6      | Found a white marble altar of Elyvilon.
  7374 | D:6      | Gained mutation: You have razor-sharp toenails. [demonic
                  | ancestry]
  7374 | D:6      | Reached XP level 8. HP: 42/60 MP: 8/8
  7480 | D:6      | Found Appaf's Gadget Boutique.
  7648 | D:6      | Reached skill level 6 in Maces & Flails
  9501 | D:7      | Noticed Joseph
  9519 | D:7      | Killed Joseph
  9520 | D:7      | Reached skill level 5 in Fighting
  9520 | D:7      | Reached skill level 7 in Maces & Flails
  9520 | D:7      | Reached skill level 5 in Armour
  9948 | D:7      | Gained mutation: Your movements are less encumbered by
                  | armour. (ER -4) [demonic ancestry]
  9948 | D:7      | Reached XP level 9. HP: 61/68 MP: 9/9
 10405 | D:8      | Reached skill level 5 in Dodging
 11396 | D:7      | Reached skill level 8 in Maces & Flails
 13028 | D:8      | Gained mutation: You are immune to miasma. [demonic
                  | ancestry]
 13028 | D:8      | Reached XP level 10. HP: 74/76 MP: 10/10
 13075 | D:8      | Found an ancient bone altar of Kikubaaqudgha.
 13086 | D:8      | Found a snail-covered altar of Cheibriados.
 13102 | D:8      | Noticed Grum
 13155 | D:8      | Killed Grum
 13224 | D:8      | HP: 3/76 [wolf[Grum] (1)]
 13240 | D:8      | HP: 2/76 [wolf[Grum] (5)]
 13248 | D:8      | Slain by a wolf

Illustrated notes

Levels and vault maps discovered:
D:1:      nzn_arrival_crosshair, layout_loops_ring
D:2:      layout_basic, old_standard_altar, nicolae_overflow_crystal_walls
D:3:      layout_basic
D:4:      layout_cave_pools, uniq_ijyb
D:5:      layout_loops_cross, nicolae_overflow_hidden_temple,
          minmay_temple_entry_junction_2, ebering_ghost_reflecting_pool
D:6:      layout_loops_ring, basic_altar, serial_shops, shop_fountains,
          kennysheep_generic_room_8
D:7:      layout_cave_pods, uniq_joseph
D:8:      layout_basic, slow_altar_1, basic_altar, minivault_29, uniq_grum
Temple:   hc_temple_tempest_star

Skill      XL: |  1  2  3  4  5  6  7  8  9 |
---------------+----------------------------+-----
Maces & Flails | 3 4 5 7 8 |  8.8
Dodging        | 3 4 5 |  5.4
Armour         | 1 2 3 4 5 6 |  6.9
Fighting       | 3 4 5 6 |  6.1
Stealth        | 1 2 3 |  3.0
Throwing       | |  1.8

Action                   |  1- 3 |  4- 6 |  7- 9 | 10-12 || total
-------------------------+-------+-------+-------+-------++-------
Melee: Flail             |    64 |       |       |       ||    64
       Whip              |    90 |   257 |  1046 |    84 ||  1477
       Kick              |       |    83 |    53 |       ||   136
Throw: Throwing net      |       |       |     2 |       ||     2
  Use: Scroll            |     8 |     4 |     7 |       ||    19
       Potion            |       |       |     5 |       ||     5
 Stab: Sleeping          |       |       |     1 |       ||     1
       Distracted        |       |       |     8 |       ||     8
Armor: Leather armour    |     5 |       |       |       ||     5
       Scale mail        |    55 |     3 |       |       ||    58
       Ring mail         |       |    65 |    22 |       ||    87
       Plate armour      |       |       |   393 |    62 ||   455
Dodge: Dodged            |    98 |   135 |   368 |    41 ||   642
